 Dungeon Crawl Stone Soup version 0.31-a0-466-g98c9adc2b6 (webtiles) character file.

Game seed: 12612803438105662814

42 horus123 the Magician (level 3, 0/19 HPs)
             Began as a Deep Elf Earth Elementalist on Aug 5, 2023.
             Slain by a gnoll
             ... wielding a +0 club
              (4 damage)
             ... on level 2 of the Dungeon.
             The game lasted 00:02:09 (1491 turns).

horus123 the Magician (Deep Elf Earth Elementalist) Turns: 1491, Time: 00:02:10

Health: 0/19       AC:  2    Str:  5    XL:     3   Next: 35%
Magic:  10/11      EV: 12    Int: 21    God:
Gold:   93         SH:  0    Dex: 15    Spells: 8/12 levels left

rFire   . . .        e - +0 short sword
rCold   . . .        (no shield)
rNeg    . . .        a - +0 robe
rPois   .            (no helmet)
rElec   .            (no cloak)
rCorr   .            (no gloves)
SInv    .            (no boots)
Will    .....        (no amulet)
Stlth   ++           (no ring)
HPRegen 0.23/turn    (no ring)
MPRegen 0.12/turn

%: no passive effects
@: no status effects
A: no striking features
a: no special abilities


You were on level 2 of the Dungeon.
You visited 1 branch of the dungeon, and saw 2 of its levels.

You collected 93 gold pieces.

Inventory:

Hand Weapons
 e - a +0 short sword (weapon)
Armour
 a - a +0 robe (worn)
Jewellery
 d - a ring of fire
Wands
 n - a wand of polymorph (5)
Scrolls
 c - 2 scrolls of revelation {unknown}
 h - a scroll of enchant weapon {unknown}
 j - a scroll of noise {unknown}
 k - a scroll of poison {unknown}
 m - a scroll of identify {unknown}
 o - a scroll of amnesia {unknown}
Potions
 b - a potion of magic
 f - a potion of berserk rage {unknown}
 g - 2 potions of lignification {unknown}
 i - a potion of degeneration {unknown}
 l - a potion of brilliance {unknown}


   Skills:
 - Level 2.4 Dodging
 - Level 2.4 Stealth
 + Level 5.3 Spellcasting
 - Level 1.1 Transmutations
 - Level 3.2 Earth Magic


You had 8 spell levels left.
You knew the following spells:

 Your Spells              Type           Power      Damage    Failure   Level
a - Sandblast             Erth           38%        2d10      2%          1
b - Stone Arrow           Conj/Erth      24%        3d8       16%         3

Your spell library contained the following spells:

 Spells                   Type           Power      Damage    Failure   Level
 Passwall                 Tmut/Erth      11%        N/A       6%          2
 Momentum Strike          Conj/Tloc      10%        3d8       16%         2
 Dazzling Flash           Conj/Hex       10%        N/A       32%         3
 Vhi's Electric Charge    Tloc/Air       10%        N/A       32%         3
 Volatile Blastmotes      Fire/Tloc      10%        2d10      32%         3
 Petrify                  Tmut/Erth      14%        N/A       38%         4
 Irradiate                Conj/Tmut      3%         3d12      93%         5
 Arcjolt                  Conj/Air       2%         1d12      96%         5
 Iskenderun's Battlesphe  Conj           5%         2d6       96%         5
 Plasma Beam              Fire/Air       2%         2x1d12    100%        6
 Starburst                Conj/Fire      2%         6d3       100%        6
 Maxwell's Capacitive Co  Air            2%         ∞         100%        8
 Summon Horrible Things   Summ           2%         N/A       100%        8


Dungeon Overview and Level Annotations

Branches:
Dungeon (2/15)

Altars:

Shops:
D:1 (


Message History

A gnoll comes into view. It is wielding a +0 club.
Found an escape hatch in the ceiling.
A gnoll comes into view. It is wielding a +0 spear.
The blast of sand hits the gnoll.
The gnoll is moderately wounded.
The gnoll shouts!
You hear a shout! x2
A gnoll comes into view. It is wielding a +0 club.
The gnoll shouts!
The blast of sand hits the gnoll!
You kill the gnoll!
A quokka comes into view.
The blast of sand hits the gnoll!
The gnoll is heavily wounded.
The blast of sand misses the gnoll.
The blast of sand hits the gnoll but does no damage.
The gnoll hits you with a +0 club.
The blast of sand misses the gnoll.
The blast of sand hits the gnoll!
The gnoll is almost dead.
The gnoll hits you from afar with a +0 spear.
The gnoll hits you with a +0 club.
A gnoll comes into view. It is wielding a +0 flail.
You are too injured to fight recklessly!
The gnoll attacks as you move away! The gnoll closely misses you.
The gnoll attacks as you move away! The gnoll hits you with a +0 club.
* * * LOW HITPOINT WARNING * * *
The gnoll hits you with a +0 club.
* * * LOW HITPOINT WARNING * * *
The gnoll attacks as you move away! The gnoll closely misses you.
You see here a +0 club.
The gnoll attacks as you move away! The gnoll completely misses you.
Sorry, you're not good enough to have a special ability.
Unknown command.
The gnoll attacks as you move away! The gnoll hits you with a +0 club.
* * * LOW HITPOINT WARNING * * *
The gnoll attacks as you move away! The gnoll misses you.
The gnoll attacks as you move away! The gnoll hits you with a +0 club.
* * * LOW HITPOINT WARNING * * *
The gnoll attacks as you move away! The gnoll barely misses you.
The gnoll attacks as you move away! The gnoll hits you with a +0 club.
You die...

##.#.###.r...##.# ##
#######.#####.......#
#
.........†..##.######
# ###.###.###.##.# #
#.# #.##.# #.###g#
#.##+## #.....#
#.#...## #.###g#
#......##
###..##@###.......##
.........).........#
.#####....)........+
#.###.........# #.
##.......## #.
##.....## #. ##...##
.. ##†## .# #.#


You could see 2 gnolls.

Vanquished Creatures
  An adder (D:2)
  A gnoll (D:2)
  2 endoplasms (D:1)
  A giant cockroach (D:1)
  2 goblins (D:2)
  3 hobgoblins
  3 quokkas
  3 ball pythons
  2 kobolds (D:1)
  4 rats
22 creatures vanquished.

Notes
Turn   | Place    | Note
-------+----------+-------------------------------------------
     0 | D:1      | horus123 the Deep Elf Earth Elementalist began the quest
                  | for the Orb.
     0 | D:1      | Reached XP level 1. HP: 10/10 MP: 6/6
   519 | D:1      | Got the Volume of the Familiar and the Missiles
   520 | D:1      | Found Hur Lico's Antique Weapon Emporium.
   575 | D:1      | Reached skill level 4 in Spellcasting
   575 | D:1      | Reached XP level 2. HP: 13/15 MP: 6/9
  1310 | D:2      | Reached XP level 3. HP: 19/19 MP: 9/11
  1314 | D:2      | Learned a level 3 spell: Stone Arrow
  1372 | D:2      | Reached skill level 5 in Spellcasting
  1491 | D:2      | Slain by a gnoll

Illustrated notes

Levels and vault maps discovered:
D:1:      co_arrival_square_in_a_square_in_a_square, layout_basic, serial_shops,
          shop
D:2:      layout_loops_corners

Skill      XL: |  1  2  3 |
---------------+----------+-----
Spellcasting   | 4 5 |  5.3
Dodging        | |  2.4
Stealth        | |  2.4
Transmutations | |  1.1
Earth Magic    | |  3.2

Action                     || total
---------------------------++-------
  Melee: Short sword       ||     3
   Cast: Sandblast         ||    37
 Armour: Robe              ||     2
  Dodge: Dodged            ||    12

Table legend: (Time is in decaauts)
 A = Elapsed time spent in this place.
 B = Non-inter-level travel time spent in this place.
 C = Inter-level travel time spent in this place.
 D = Time resting spent in this place.
 E = Time spent auto-exploring this place.
 F = Levels seen in this place.
 G = Mean time per level.
                   A        B        C        D        E       F      G
               +--------+--------+--------+--------+--------+-----+--------+
         Total |   1508 |   1487 |     21 |      0 |   1308 |   2 |  754.0 |
       Dungeon |   1508 |   1487 |     21 |      0 |   1308 |   2 |  754.0 |
               +--------+--------+--------+--------+--------+-----+--------+

Top non-repeatable levels by time:
     D:1: 888 daAuts
     D:2: 620 daAuts
